 Dungeon Crawl Stone Soup version 0.18-a0-641-g4caf58e (webtiles) character file.

11346 Proton the Protected (level 11, -5/114 HPs)
             Began as a Deep Dwarf Fighter on Dec 4, 2015.
             Was a Believer of Ru.
             Killed by divine providence
             ... invoked by an orc priest
              (13 damage)
             ... on level 12 of the Dungeon.
             The game lasted 00:28:46 (8516 turns).

Proton the Protected (Deep Dwarf Fighter)           Turns: 8516, Time: 00:28:46

Health: -5/114     AC: 19    Str: 23    XL:     11   Next: 48%
Magic:  4/4        EV: 12    Int:  9    God:    Ru [**....]
Gold:   675        SH:  0    Dex: 10    Spells: 0 memorised, 10 levels left

rFire  . . .     SeeInvis +     y - +6 flail "Tiurghum" {crush, rElec rN+ SInv}
rCold  + . .     Clarity  .     A - +0 plate armour
rNeg   + . .     SustAt   .     (no shield)
rPois  .         Gourm    .     (no helmet)
rElec  +         Spirit   .     s - +2 cloak {MR+}
rCorr  .         Dismiss  .     (no gloves)
rMut   .         Stasis   .     J - +0 pair of boots
MR     ++...                    (no amulet)
Stlth  ..........               (no ring)
                                (no ring)

@: non-regenerating, very resistant to hostile enchantments, extremely
unstealthy
A: damage resistance, recharge devices, repulsion field 1, blurry vision 1,
clumsy 1, cold resistance 1, low mp 3, sense surroundings 2, robust 1, slow
regeneration 3, wild magic 1, evolution 1, inability to drink while threatened,
no stealth
a: Device Recharging, Renounce Religion


You were on level 12 of the Dungeon.
You worshipped Ru.
Ru was pleased with you.
You were not hungry.

You visited 1 branch of the dungeon, and saw 12 of its levels.

You collected 675 gold pieces.

Inventory:

Hand Weapons
 a - a +0 war axe
 y - the +6 flail "Tiurghum" (weapon) {crush, rElec rN+ SInv}
   (You found it on level 4 of the Dungeon)

   It inflicts extra damage upon your enemies.
   It insulates you from electricity.
   It protects you from negative energy.
   It lets you see invisible.
Missiles
 C - 2 poisoned javelins
 I - a javelin (quivered)
Armour
 s - a +2 cloak of magic resistance (worn)
 A - a +0 plate armour (worn)
 J - a +0 pair of boots (worn)
Wands
 e - a wand of heal wounds (0)
 m - a wand of frost (27)
 t - a wand of digging (19)
 z - a wand of digging (8)
 G - a wand of flame (19)
Scrolls
 b - 2 scrolls of blinking
 g - 2 scrolls of immolation {unknown}
 h - 4 scrolls of noise
 l - a scroll of amnesia {unknown}
 n - 3 scrolls of magic mapping
 o - a scroll of enchant weapon {unknown}
 p - 2 scrolls of remove curse {unknown}
 v - a scroll of fear
 B - 2 scrolls of fog
 H - 3 scrolls of brand weapon {unknown}
Potions
 c - a potion of cure mutation
 d - 3 potions of might
 j - 6 potions of curing
 k - 3 potions of agility
 q - a potion of heal wounds
 u - 3 potions of flight {unknown}
 w - a potion of invisibility
 x - a potion of lignification
 D - a potion of cancellation
Books
 r - the Tome of Hexes
   (You found it on level 11 of the Dungeon)

   Spells                             Type                      Level
   a - Confusing Touch                Hexes                        2
   b - Leda's Liquefaction            Hexes/Earth                  4
   c - Metabolic Englaciation         Hexes/Ice                    5
   d - Darkness                       Hexes                        6
Comestibles
 f - 3 bread rations
 i - 12 fruits
 E - a meat ration


   Skills:
 + Level 8.8 Fighting
 + Level 10.3 Axes
 + Level 10.4 Armour
 + Level 10.2 Dodging
   Level 3.2 Shields


You had 10 spell levels left.
You didn't know any spells.

Dungeon Overview and Level Annotations

Branches:
Dungeon (12/15)            Temple (0/1) D:5
   Lair: D:8-11         Orc: D:9-12

Altars:
Ashenzari
Dithmenos
Elyvilon
Fedhas
Gozag
Kikubaaqudgha
Nemelex Xobeh
Okawaru
Qazlal
Ru
Trog
Vehumet
Xom
Zin

Shops:
D:6 (

Annotations:
D:3 DarthRa's ghost, amateur DDAr
D:10 Proton's ghost, journeyman FoFi


Innate Abilities, Weirdness & Mutations

You are resistant to damage.
You can recharge devices by infusing magical energy.
Your magical capacity is extremely low (-30% MP).
You passively map the area around you.
You do not regenerate naturally.
You cannot drink potions while threatened.
You cannot be stealthy.
You are surrounded by a mild repulsion field (EV +2).
Scrolls take you a little longer to read.
You are clumsy. (Dex -2)
Your flesh is cold resistant.
You are robust (+10% HP).
Your spells are a little harder to cast, but a little more powerful.
You evolve.


Message History

The orc warrior misses you.
Your plate armour prevents you from hitting the orc warrior.
The orc warrior is heavily wounded.
The orc priest miscasts a cantrip.
The orc warrior is stunned by your will and fails to attack.
You hit the orc warrior.
The orc warrior is severely wounded.
The orc warrior hits you but does no damage.
You hit the orc warrior.
The orc warrior is almost dead.
You sock the orc warrior!
You kill the orc warrior!
You closely miss the orc priest.
The orc priest is heavily wounded.
The orc priest barely misses you.
You closely miss the orc priest.
The orc priest is heavily wounded.
The orc priest invokes the aid of Beogh against you.
Something smites you!
You die...

########.....
#######............
#....##.####.......
#.##...............
#.#####.###........
#.# #.............
#.####..###.##.....
#..##........†..[.#
##@##...###.###..##
#o##...# #...(..#
#o# ,,.# #.#.#.##
#.# ....... ** #.#
** ..#.###* ,...
#..#. * *, #.#
,,#..#, *,*#..,,
,,, * *** ,,


You could see an orc priest and an orc.

Vanquished Creatures
  Pikel (D:5)
  2 cyclopes (D:11)
  4 kobold demonologists
  A centaur skeleton (D:11)
  A two-headed ogre (D:9)
  A wyvern (D:10)
  A wraith (D:12)
  A water elemental (D:11)
  A shadow (D:12)
  Eustachio (D:6)
  8 yaks
  4 hungry ghosts
  2 hippogriffs
  A mottled dragon (D:11)
  2 slaves (D:5)
  A soldier ant (D:11)
  3 black bears
  4 phantoms
  An eye of draining (D:11)
  7 orc warriors
  4 sky beasts
  An ice beast (D:6)
  A necrophage (D:7)
  4 centaurs
  6 ogres
  A crocodile (D:7)
  Blork the orc (D:7)
  5 giant frogs
  3 big kobolds
  A gnoll sergeant (D:7)
  6 scorpions
  A water moccasin skeleton (D:7)
  11 electric eels
  A crimson imp (D:5)
  4 hounds
  A gnoll shaman (D:7)
  3 jellies
  Crazy Yiuf (D:4)
  7 orc priests
  A quasit (D:8)
  A giant frog skeleton (D:6)
  6 orc wizards
  4 iguanas
  4 sheep (D:11)
  4 worker ants
  A hound zombie (D:7)
  A hound skeleton (D:5)
  2 worker ant zombies
  13 gnolls
  8 adders
  A shadow imp (D:11)
  A giant eyeball (D:11)
  An ooze (D:2)
  2 adder skeletons
  2 adder zombies
  A worm (D:4)
  9 giant geckos
  43 orcs
  3 ball pythons
  6 bats
  10 goblins
  7 hobgoblins
  8 jackals
  3 quokkas
  5 giant cockroaches
  3 giant newts
  A jackal zombie (D:5)
  19 kobolds
  6 rats
285 creatures vanquished.

Vanquished Creatures (others)
  A yak (D:12)
  A slave (D:7)
  A centaur (D:11)
  An orc wizard (D:7)
  A gnoll (D:7)
  5 orcs (D:7)
10 creatures vanquished.

Grand Total: 295 creatures vanquished

Notes
Turn   | Place    | Note
--------------------------------------------------------------
     0 | D:1      | Proton the Deep Dwarf Fighter began the quest for the Orb.
     0 | D:1      | Reached XP level 1. HP: 20/20 MP: 1/1
   193 | D:1      | Reached XP level 2. HP: 18/27 MP: 2/2
   277 | D:1      | Found a shattered altar of Ashenzari.
   324 | D:1      | Reached skill level 1 in Dodging
   874 | D:2      | Reached XP level 3. HP: 17/34 MP: 3/3
  1081 | D:2      | Found a sacrificial altar of Ru.
  1091 | D:2      | Became a worshipper of Ru the Awakened
  1126 | D:2      | Found an iron altar of Okawaru.
  1215 | D:2      | Reached XP level 4. HP: 12/42 MP: 4/4
  1470 | D:3      | Found an ancient bone altar of Kikubaaqudgha.
  1620 | D:3      | Found a glowing silver altar of Zin.
  1702 | D:3      | Noticed DarthRa's ghost (amateur DDAr)
  1775 | D:4      | Reached skill level 4 in Armour
  1775 | D:4      | Reached XP level 5. HP: 22/49 MP: 5/5
  1818 | D:4      | HP: 2/49 [scorpion (3)]
  1960 | D:4      | Got a crude flail
  1979 | D:4      | HP: 2/49 [gnoll/whip (4)]
  1994 | D:4      | Identified the +6 flail "Tiurghum" {crush, rElec rN+ SInv} (You found it on level 4 of the Dungeon)
  2040 | D:4      | Reached XP level 6. HP: 44/57 MP: 6/6
  2161 | D:4      | Gained mutation: Your magical capacity is low (-10% MP). [Ru sacrifice]
  2187 | D:4      | Reached skill level 5 in Axes
  2318 | D:4      | Noticed Crazy Yiuf
  2323 | D:4      | Killed Crazy Yiuf
  2323 | D:4      | Reached XP level 7. HP: 50/64 MP: 6/6
  2486 | D:3      | Reached skill level 5 in Armour
  2906 | D:5      | Entered Level 5 of the Dungeon
  3178 | D:5      | Found a staircase to the Ecumenical Temple.
  3221 | D:5      | Found a sparkling altar of Nemelex Xobeh.
  3528 | D:5      | Noticed Pikel
  3538 | D:5      | Killed Pikel
  3538 | D:5      | Reached skill level 5 in Fighting
  3538 | D:5      | Reached skill level 6 in Axes
  3538 | D:5      | Reached skill level 5 in Dodging
  3538 | D:5      | Reached XP level 8. HP: 57/74 MP: 7/7
  3859 | D:6      | Gained mutation: You cannot be stealthy. [Ru sacrifice]
  3859 | D:6      | Reached * piety under Ru
  3880 | D:6      | Found Coffez's Weapon Shop.
  3939 | D:6      | Found a stormy altar of Qazlal.
  4087 | D:6      | Reached skill level 7 in Axes
  4107 | D:6      | Noticed Blork the orc
  4107 | D:6      | Found a blossoming altar of Fedhas.
  4109 | D:6      | Noticed Eustachio
  4117 | D:7      | Killed Blork the orc
  4246 | D:6      | Killed Eustachio
  4338 | D:7      | Found a shimmering altar of Xom.
  4361 | D:7      | Gained mutation: You passively map the area around you. [Deep Dwarf growth]
  4361 | D:7      | Reached XP level 9. HP: 45/82 MP: 8/8
  4907 | D:7      | Gained mutation: You evolve. [potion of mutation]
  4907 | D:7      | Gained mutation: You are clumsy. (Dex -2) [potion of mutation]
  4907 | D:7      | Gained mutation: You are surrounded by a mild repulsion field (EV +2). [potion of mutation]
  4908 | D:7      | Gained mutation: Your spells are a little harder to cast, but a little more powerful. [potion of mutation]
  4908 | D:7      | Gained mutation: You are frail (-10% HP). [potion of mutation]
  5153 | D:7      | Reached skill level 8 in Axes
  5472 | D:8      | Found a bloodstained altar of Trog.
  5599 | D:8      | Found a radiant altar of Vehumet.
  5623 | D:8      | Found a white marble altar of Elyvilon.
  5804 | D:8      | Found a shadowy altar of Dithmenos.
  5836 | D:8      | Reached XP level 10. HP: 29/82 MP: 8/8
  5881 | D:8      | Lost mutation: You are frail (-10% HP). [evolution]
  6040 | D:9      | Found an opulent altar of Gozag.
  6822 | D:10     | Entered Level 10 of the Dungeon
  6900 | D:10     | Reached skill level 9 in Axes
  6920 | D:10     | Noticed a hill giant
  7010 | D:10     | Gained mutation: Your flesh is cold resistant. [mutagenic meat]
  7011 | D:10     | Gained mutation: Your magical capacity is very low (-20% MP). [mutagenic meat]
  7012 | D:10     | Gained mutation: You are robust (+10% HP). [mutagenic meat]
  7116 | D:10     | Noticed Proton's ghost (journeyman FoFi)
  7243 | D:11     | Noticed a cyclops
  7247 | D:11     | Gained mutation: Your magical capacity is extremely low (-30% MP). [evolution]
  7263 | D:11     | Killed a cyclops
  7517 | D:11     | Reached XP level 11. HP: 30/113 MP: 5/5
  7763 | D:11     | Gained mutation: Scrolls take you a little longer to read. [mutagenic meat]
  7764 | D:11     | Gained mutation: You rapidly evolve. [mutagenic meat]
  7800 | D:11     | Lost mutation: You rapidly evolve. [end of evolution]
  8048 | D:11     | Reached skill level 10 in Axes
  8099 | D:11     | Reached skill level 10 in Armour
  8135 | D:11     | Identified the Tome of Hexes
  8330 | D:12     | Reached skill level 10 in Dodging
  8351 | D:11     | Gained mutation: You cannot drink potions while threatened. [Ru sacrifice]
  8351 | D:11     | Reached ** piety under Ru
  8516 | D:12     | Killed from afar by an orc priest

Vault maps used:
D:1:      ncdulo_watergridlock, evilmike_ruin_ashenzari
D:2:      okawaru_trees_2, nicolae_ru_sacrificial_ziggurat
D:3:      lemuel_round_altar, zin_academy, first_bread
D:4:      uniq_crazy_yiuf_cottage
D:5:      nicolae_overflow_hidden_temple, minmay_temple_entry_fiery,
          minmay_misc_feat_pillars, uniq_pikel
D:6:      overflow_temple_1_default, overflow_temple_1_default, serial_shops,
          kennysheep_mini_moat, uniq_eustachio, uniq_blork_the_orc
D:7:      grunt_ministairs_10, xom_teletrap_fun
D:8:      fiery_altar_vehumet, kennysheep_little_box, trog_ov_bears_minmay,
          elyvilon_altar_1
D:9:      lemuel_round_altar, kennysheep_cross_bottleneck
D:10:     kennysheep_blocky_room, lair_0_dummy, blue_anna_alchemist,
          minivault_15, nicolae_two_hexagons
D:12:     lemuel_upstairs_altar, erik_orc_3

Action                   |  1- 3 |  4- 6 |  7- 9 | 10-12 || total
-------------------------+-------+-------+-------+-------++-------
Melee: War axe           |    98 |    93 |       |       ||   191
       Flail             |       |    22 |   344 |   383 ||   749
Throw: Javelin           |       |       |       |    54 ||    54
Invok: Sacrifice Essence |       |     1 |       |       ||     1
       Sacrifice Stealth |       |       |     1 |       ||     1
       Reject Sacrifices |       |       |     1 |       ||     1
       Sacrifice Drink   |       |       |       |     1 ||     1
 Abil: Device Recharging |       |       |     1 |     2 ||     3
Evoke: Wand              |       |    10 |    15 |    41 ||    66
  Use: Scroll            |       |    10 |     4 |     4 ||    18
       Potion            |       |       |     2 |       ||     2
 Stab: Confused          |       |     2 |       |       ||     2
  Eat: Fruit             |       |     1 |     1 |     1 ||     3
       Bread ration      |       |     1 |       |     2 ||     3
       Meat ration       |       |       |     3 |       ||     3
       Beef jerky        |       |       |     1 |     3 ||     4
       Chunk             |       |       |       |     6 ||     6
       Pizza             |       |       |       |     1 ||     1
